 Dungeon Crawl Stone Soup version 0.17.0-18-gaab0e96 (console) character file.

133 gw the Covered (level 4, -8/40 HPs)
             Began as a Minotaur Fighter on Nov 12, 2015.
             Killed by nerve-wracking pain
             ... invoked by Grinder
              (14 damage)
             ... on level 3 of the Dungeon.
             The game lasted 00:03:31 (2923 turns).

gw the Covered (Minotaur Fighter)                   Turns: 2923, Time: 00:03:31

Health: -8/40      AC: 10    Str: 20    XL:     4   Next: 93%
Magic:  3/3        EV:  5    Int:  5    God:
Gold:   115        SH:  9    Dex: 11    Spells: 0 memorised, 3 levels left

rFire  . . .     SeeInvis .     a - +0 flail
rCold  . . .     Clarity  .     i - +0 chain mail
rNeg   . . .     SustAt   .     c - +0 shield
rPois  .         Gourm    .     (helmet restricted)
rElec  .         Spirit   .     (no cloak)
rCorr  .         Warding  .     (no gloves)
rMut   .         Stasis   .     g - +0 pair of boots {run}
MR     .....                    (no amulet)
Stlth  ..........               (no ring)
                                (no ring)

@: quick, not resistant to hostile enchantments, extremely unstealthy
A: retaliatory headbutt, horns 2
a: no special abilities


You were on level 3 of the Dungeon.
You were hungry.

You visited 1 branch of the dungeon, and saw 3 of its levels.

You collected 115 gold pieces.

Inventory:

Hand Weapons
 a - a +0 flail (weapon)
Missiles
 d - 24 poisoned needles
 f - 35 stones (quivered)
 h - 8 needles of confusion
Armour
 c - a +0 shield (worn)
 g - a +0 pair of boots of running (worn)
 i - a +0 chain mail (worn)
Comestibles
 e - 4 bread rations


   Skills:
 + Level 4.2 Fighting
 * Level 4.4 Maces & Flails
 + Level 1.2 Throwing
 + Level 4.4 Armour
 + Level 4.1 Shields


You had 3 spell levels left.
You didn't know any spells.

Dungeon Overview and Level Annotations

Branches:
Dungeon (3/15)

Altars:

Annotations:
D:3 Grinder


Innate Abilities, Weirdness & Mutations

You reflexively headbutt those who attack you in melee.
You have a pair of horns on your head.


Message History

Grinder gestures at you. You resist with significant effort.
Unknown command.
Unknown command.
Unknown command.
Unknown command.
ATTACK MOVE TO (0,1)
You hit Grinder.
Grinder is heavily wounded.
You block Grinder's attack. Grinder hits you but does no damage.
Unknown command.
Unknown command.
Unknown command.
Unknown command.
ATTACK MOVE TO (0,1)
You completely miss Grinder.
Grinder is heavily wounded.
Grinder gestures at you. Pain shoots through your body!
You die...

#.. ### #########
#.......# #.#
#######.#####.#
#.%(..(...(....
#(#.#)#.#####.#
##H#.#.#.####...
#.5..#.#.......#
#..###.#.####..#. #
#..###.#.##..... #
#......#.##.#..####
#.######=##.......#
#....#...............
.....#.#......#.....#..
#.##..
.#<.ยค.........#..


You could see Grinder.

Table legend:
 A = Turns spent in this place as a percentage of turns spent in the entire game.
 B = Non-inter-level travel turns spent in this place as a percentage of non-inter-level travel turns spent in the entire game.
 C = Inter-level travel turns spent in this place as a percentage of turns spent in this place.
 D = Turns resting spent in this place as a percentage of non-inter-level travel turns spent in this place.
 E = Turns spent auto-exploring this place as a percentage of non-inter-level travel turns spent in this place.
 F = Non-inter-level travel turns spent in this place divided by the number of levels of this place that you've seen.
                   A       B       C       D       E      F
               +-------+-------+-------+-------+-------+----------------------
         Total | 100.0 | 100.0 |   0.5 |   0.6 |   2.0 | 1610.0
       Dungeon | 100.0 | 100.0 |   0.5 |   0.6 |   2.0 | 1610.0
               +-------+-------+-------+-------+-------+----------------------

Table legend:
 A = Kills in this place as a percentage of kills in entire the game.
 B = Kills by you in this place as a percentage of kills by you in the entire game.
 C = Kills by friends in this place as a percentage of kills by friends in the entire game.
 D = Other kills in this place as a percentage of other kills in the entire game.
 E = Experience gained in this place as a percentage of experience gained in the entire game.
 F = Experience gained in this place divided by the number of levels of this place that you have seen.
                   A       B       C       D       E      F
               +-------+-------+-------+-------+-------+----------------------
         Total | 100.0 | 100.0 |  -nan |  -nan | 100.0 |  63.3
       Dungeon | 100.0 | 100.0 |  -nan |  -nan | 100.0 |  63.3
               +-------+-------+-------+-------+-------+----------------------

Vanquished Creatures
  5 adders (D:2)
  6 worms
  2 orcs (D:3)
  2 ball pythons (D:2)
  A giant cockroach (D:2)
  10 goblins
  5 hobgoblins
  6 jackals
  12 kobolds
  A quokka (D:2)
  6 bats
  5 giant geckos
  A giant newt (D:2)
  2 rats (D:1)
64 creatures vanquished.

Notes
Turn   | Place    | Note
--------------------------------------------------------------
     0 | D:1      | gw the Minotaur Fighter began the quest for the Orb.
     0 | D:1      | Reached XP level 1. HP: 19/19 MP: 0/0
   264 | D:1      | Reached XP level 2. HP: 27/27 MP: 1/1
   301 | D:1      | Reached skill level 4 in Armour
  1119 | D:2      | Reached XP level 3. HP: 28/33 MP: 2/2
  1281 | D:2      | Reached skill level 1 in Throwing
  1630 | D:2      | Reached XP level 4. HP: 35/40 MP: 3/3
  2203 | D:2      | Identified a +0 pair of boots of running (You found it on level 2 of the Dungeon)
  2820 | D:3      | Noticed Grinder
  2841 | D:3      | Paralysed by Grinder for 3 turns
  2875 | D:3      | Paralysed by Grinder for 4 turns
  2923 | D:3      | Killed from afar by Grinder

Action                   |  1- 3 |  4- 6 || total
-------------------------+-------+-------++-------
Melee: Flail             |    92 |    94 ||   186
Throw: Stone             |    34 |   102 ||   136
  Use: Potion            |     1 |       ||     1
  Eat: Chunk             |     2 |     4 ||     6

Vault maps used:
D:1:      matt_arrival_spirals
D:2:      first_bread
D:3:      nicolae_dithmenos_through_a_glass_darkly, marbit_many_paths,
          uniq_natasha, uniq_grinder
